 Dungeon Crawl Stone Soup version 0.17-a0-1646-geb1493d (webtiles) character file.

23006 karlkraus the Peltast (level 12, -23/107 HPs)
             Began as a Minotaur Fighter on Aug 9, 2015.
             Was the Champion of Qazlal.
             Killed from afar by Azrael (27 damage)
             ... with a burst of hellfire
             ... on level 4 of the Orcish Mines.
             The game lasted 00:43:32 (12336 turns).

karlkraus the Peltast (Minotaur Fighter)           Turns: 12336, Time: 00:43:32

Health: -23/107    AC: 31    Str: 27    XL:     12   Next: 68%
Magic:  11/11      EV: 19    Int:  5    God:    Qazlal [******]
Gold:   1789       SH: 25    Dex: 25    Spells: 0 memorised, 11 levels left

rFire  + . .     SeeInvis .     D - +5 mace (protect)
rCold  + + .     Clarity  .     y - +5 ring mail of Wakaaf {Dex+2}
rNeg   . . .     SustAt   .     c - +1 shield
rPois  +         Gourm    .     (helmet restricted)
rElec  +         Spirit   .     q - +1 cloak
rCorr  +         Warding  .     (no gloves)
rMut   .         Stasis   .     u - +2 pair of boots {Stlth+}
MR     .....                    (no amulet)
Stlth  +.........               M - +4 ring of dexterity
                                o - +5 ring of dexterity

@: mighty, resistant, protected from physical damage, repel missiles, not
resistant to hostile enchantments, very unstealthy
A: retaliatory headbutt, horns 2, talons 1, icy blue scales 1, iridescent scales
1, molten scales 1, cold resistance 1, mutation resistance 1
a: Upheaval, Elemental Force, Disaster Area, Renounce Religion


You were on level 4 of the Orcish Mines.
You worshipped Qazlal.
Qazlal was exalted by your worship.
You were hungry.

You visited 2 branches of the dungeon, and saw 16 of its levels.
You also visited: Sewer.

You collected 1789 gold pieces.

Inventory:

Hand weapons
 D - a +5 mace of protection (weapon)
 E - a +1 flail of draining
Armour
 c - a +1 shield (worn)
 q - a +1 cloak (worn)
 u - a +2 pair of boots of stealth (worn)
 y - the +5 ring mail of Wakaaf (worn) {Dex+2}
   (You found it on level 12 of the Dungeon)

   It affects your dexterity (+2).
 L - the +2 robe of Higuess {rN++ Dex+3, unknown}
   (You found it on level 12 of the Dungeon)

   It affects your dexterity (+3).
   It greatly protects you from negative energy.
Jewellery
 o - a +5 ring of dexterity (left hand)
 v - a +4 ring of protection
 x - an uncursed ring of positive energy
 M - a +4 ring of dexterity (right hand)
 N - an uncursed ring of sustain attributes
 U - an uncursed ring of protection from cold
Magical devices
 a - a wand of invisibility (5)
 b - a wand of lightning (5)
 j - a wand of fireball (9)
 I - a wand of polymorph (10)
 J - a wand of digging (15)
 P - a wand of frost (17)
 R - a wand of flame (31)
 Y - a wand of fire (8)
Scrolls
 f - a scroll of teleportation
 g - a scroll of fear
 k - 2 scrolls of immolation
 r - 4 scrolls of magic mapping
 s - 4 scrolls of remove curse
 F - 3 scrolls of identify
 G - a scroll of silence {unknown}
Potions
 d - 3 potions of might
 h - a potion of cancellation
 l - a potion of haste
 m - 3 potions of lignification
 n - 8 potions of flight
 p - a potion of curing
 t - 4 potions of agility
 w - 3 potions of cure mutation
 z - a potion of heal wounds
 C - 2 potions of berserk rage
Comestibles
 e - 11 bread rations
 i - 5 meat rations
 A - 2 slices of pizza
 H - a chunk of flesh
 K - a royal jelly
 T - 2 beef jerkies


   Skills:
 + Level 10.5 Fighting
 + Level 12.6 Maces & Flails
 + Level 9.4 Armour
 + Level 7.7 Dodging
 + Level 1.9 Stealth
 + Level 15.3 Shields
 + Level 1.1 Evocations


You had 11 spell levels left.
You didn't know any spells.

Dungeon Overview and Level Annotations

Branches:
Dungeon (12/15)            Temple (0/1) D:6            Lair (0/8) D:10
    Orc (4/4) D:12
    Elf: Orc:3-4

Altars:
Ashenzari
Dithmenos
Elyvilon
Fedhas
Gozag
Makhleb
Qazlal
Vehumet

Shops:
D:9 %

Annotations:
D:11 cireshan's ghost, experienced DECj
Orc:4 Azrael


Innate Abilities, Weirdness & Mutations

You reflexively headbutt those who attack you in melee.
You have a pair of horns on your head.
You have sharp toenails.
You are partially covered in icy blue scales (AC +1).
You are partially covered in iridescent scales (AC +4).
You are partially covered in molten scales (AC +1).
Your flesh is cold resistant.
You are somewhat resistant to further mutation.


Message History

You block Azrael's attack.
You thump Azrael!
Azrael is severely wounded.
Azrael gestures at you.
The hellfire explodes!
The burst of hellfire engulfs you!
* * * LOW HITPOINT WARNING * * *
The burst of hellfire engulfs Azrael.
Azrael completely resists.
You hit Azrael.
Azrael is severely wounded.
Azrael gestures at you.
The fireball explodes!
The fireball engulfs you! You resist.
* * * LOW HITPOINT WARNING * * *
The fireball engulfs Azrael.
Azrael completely resists.
You barely miss Azrael. You headbutt Azrael!
Azrael is almost dead.
You thump Azrael!
Azrael is almost dead.
Azrael gestures at you.
The hellfire explodes!
The burst of hellfire engulfs you!
You die...

### #.. ##.## ###...
...####.#...
####....#...#.#
##.............##
#....§...#......##
##.....§§§§...†...#
#......§@)§..##..#
##..#...R)§....####
#.....§..§.....#..#
#..................#
#...............#....
#..............###.#..#
##.......#.............
#.................## #
............#.###


You could see Azrael.

Vanquished Creatures
  Maud (Orc:3)
  Josephine (D:10)
  Harold (D:12)
  2 alligators (D:12)
  Sonja (D:10)
  Nergalle (D:11)
  6 slime creatures (D:12)
  2 unseen horrors (D:12)
  4 hill giants
  An orc sorcerer (Orc:2)
  An ugly thing (D:11)
  Joseph (D:9)
  An orange crystal statue (D:11)
  3 gargoyles
  A kobold demonologist (D:11)
  An efreet (D:12)
  A troll (D:10)
  A spriggan (D:11)
  3 wraiths (D:10)
  The ghost of cireshan the Conjurer, an average DECj of Sif Muna (Sewer)
  6 yaks (D:11)
  A deep elf mage (D:10)
  A hippogriff (D:9)
  A basilisk (D:12)
  3 wyverns
  2 fire bats (D:12)
  4 fire elementals (Orc:4)
  3 water elementals (D:12)
  4 hell hounds (Orc:4)
  2 water moccasins
  A necrophage (D:10)
  3 phantoms
  An ice beast (D:5)
  4 sky beasts
  9 orc warriors
  3 centaurs
  5 ogres
  4 big kobolds
  2 wasps
  Blork the orc (D:6)
  3 giant frogs
  3 scorpions
  A wyvern skeleton (D:10)
  2 vampire bats (D:12)
  3 wights (D:8)
  6 electric eels (D:12)
  2 centaur zombies (D:5)
  3 crimson imps
  6 hounds
  5 jellies
  A giant frog zombie (D:12)
  A gnoll shaman (D:8)
  5 giant frog skeletons
  14 orc priests
  A quasit (D:9)
  2 hell rats (D:12)
  20 orc wizards
  A centaur skeleton (D:9)
  6 iguanas
  7 worker ants
  A mummy (D:4)
  A worker ant zombie (D:11)
  9 gnolls
  5 river rats
  10 adders
  2 shadow imps
  An adder zombie (D:6)
  6 oozes (D:12)
  2 worms
  11 giant geckos
  104 orcs
  3 ball pythons
  15 giant cockroaches
  6 goblins
  5 hobgoblins
  12 jackals
  10 quokkas
  15 bats
  7 giant newts
  A hobgoblin zombie (D:4)
  15 kobolds
  2 kobold zombies (D:4)
  An orc zombie (D:4)
  20 rats
450 creatures vanquished.

Vanquished Creatures (others)
  A kobold (D:10)
1 creature vanquished.

Grand Total: 451 creatures vanquished

Notes
Turn   | Place    | Note
--------------------------------------------------------------
     0 | D:1      | karlkraus the Minotaur Fighter began the quest for the Orb.
     0 | D:1      | Reached XP level 1. HP: 19/19 MP: 0/0
   347 | D:1      | Reached skill level 4 in Armour
   352 | D:1      | Reached XP level 2. HP: 25/27 MP: 1/1
   731 | D:2      | Found a white marble altar of Elyvilon.
   739 | D:2      | Found a shadowy altar of Dithmenos.
   828 | D:2      | Reached XP level 3. HP: 31/33 MP: 2/2
  1356 | D:3      | Found a stormy altar of Qazlal.
  1362 | D:3      | Became a worshipper of Qazlal Stormbringer
  1398 | D:3      | Reached XP level 4. HP: 16/40 MP: 3/3
  2105 | D:4      | Reached skill level 1 in Dodging
  2168 | D:4      | Reached XP level 5. HP: 46/46 MP: 4/4
  2391 | D:4      | Reached skill level 5 in Armour
  2707 | D:4      | Reached skill level 5 in Shields
  2707 | D:4      | Reached XP level 6. HP: 51/53 MP: 5/5
  2943 | D:5      | Entered Level 5 of the Dungeon
  3004 | D:5      | Acquired Qazlal's first power
  3019 | D:5      | Reached skill level 5 in Fighting
  3194 | D:5      | Reached XP level 7. HP: 45/61 MP: 6/6
  3252 | D:5      | Gained mutation: You are partially covered in iridescent scales (AC +4). [mutagenic meat]
  3254 | D:5      | Gained mutation: You are partially covered in molten scales (AC +1). [mutagenic meat]
  3255 | D:5      | Gained mutation: You are partially covered in icy blue scales (AC +1). [mutagenic meat]
  3256 | D:5      | Gained mutation: You are somewhat resistant to further mutation. [mutagenic meat]
  3400 | D:5      | Reached skill level 5 in Maces & Flails
  3850 | D:6      | Noticed Blork the orc
  3862 | D:6      | Killed Blork the orc
  3862 | D:6      | Reached skill level 6 in Armour
  3951 | D:6      | Found an opulent altar of Gozag.
  3967 | D:6      | Found a staircase to the Ecumenical Temple.
  4003 | D:6      | Reached XP level 8. HP: 70/70 MP: 7/7
  4092 | D:6      | Acquired Qazlal's second power
  4105 | D:6      | Found a glowing drain.
  4130 | Sewer    | Entered a sewer
  4162 | Sewer    | Noticed cireshan's ghost (average DECj)
  4177 | Sewer    | Killed cireshan's ghost
  4667 | D:6      | Found a shattered altar of Ashenzari.
  5095 | D:7      | Reached skill level 7 in Shields
  5271 | D:7      | Found a burning altar of Makhleb.
  5521 | D:7      | Reached skill level 1 in Stealth
  5559 | D:7      | Gained mutation: You have sharp toenails. [mutagenic meat]
  5560 | D:7      | Gained mutation: Your flesh is cold resistant. [mutagenic meat]
  5698 | D:8      | Acquired Qazlal's third power
  5833 | D:8      | Found a blossoming altar of Fedhas.
  5848 | D:8      | Reached skill level 8 in Shields
  5907 | D:8      | Reached skill level 5 in Dodging
  5907 | D:8      | Reached XP level 9. HP: 63/79 MP: 8/8
  6458 | D:9      | Reached skill level 9 in Shields
  6464 | D:9      | Noticed Joseph
  6475 | D:9      | Killed Joseph
  6546 | D:9      | Noticed a gargoyle
  6574 | D:9      | Reached skill level 10 in Shields
  6585 | D:9      | Killed a gargoyle
  6593 | D:9      | Acquired Qazlal's fourth power
  6607 | D:9      | Found Vooqih's Food Shop.
  6634 | D:9      | Noticed a gargoyle
  6657 | D:9      | Killed a gargoyle
  6657 | D:9      | Reached XP level 10. HP: 62/88 MP: 9/9
  7073 | D:10     | Entered Level 10 of the Dungeon
  7158 | D:10     | Noticed Josephine
  7178 | D:10     | Killed Josephine
  7178 | D:10     | Reached skill level 11 in Shields
  7315 | D:10     | Noticed Sonja
  7322 | D:10     | Killed Sonja
  7385 | D:10     | Reached skill level 12 in Shields
  7561 | D:10     | Reached skill level 10 in Maces & Flails
  7565 | D:10     | Found a staircase to the Lair.
  7837 | D:10     | Noticed a hill giant
  7846 | D:10     | Killed a hill giant
  7846 | D:10     | Reached XP level 11. HP: 84/95 MP: 10/10
  8069 | D:11     | Noticed cireshan's ghost (experienced DECj)
  8082 | D:11     | Acquired Qazlal's fifth power
  8086 | D:11     | Reached skill level 13 in Shields
  8198 | D:11     | Noticed Nergalle
  8223 | D:11     | Killed Nergalle
  8415 | D:11     | Noticed a hill giant
  8423 | D:11     | Killed a hill giant
  8639 | D:11     | Noticed a hill giant
  8648 | D:11     | Killed a hill giant
  8827 | D:12     | Noticed a hill giant
  8841 | D:12     | Killed a hill giant
  9130 | D:12     | Reached skill level 14 in Shields
  9146 | D:12     | Found a staircase to the Orcish Mines.
  9152 | D:12     | Got a fine ring mail
  9153 | D:12     | Identified the +5 ring mail of Wakaaf {Dex+2} (You found it on level 12 of the Dungeon)
  9791 | D:12     | Noticed an alligator
  9805 | D:12     | Killed an alligator
  9805 | D:12     | Reached skill level 1 in Evocations
  9805 | D:12     | Reached XP level 12. HP: 87/106 MP: 11/11
  9820 | D:12     | Noticed an alligator
  9833 | D:12     | Killed an alligator
  9833 | D:12     | Reached skill level 10 in Fighting
  9836 | D:12     | Noticed Harold
  9864 | D:12     | Killed Harold
 10260 | D:12     | Killed an unseen horror
 10384 | D:12     | Got a brightly glowing robe
 10520 | D:12     | Killed an unseen horror
 10587 | Orc:1    | Entered Level 1 of the Orcish Mines
 10842 | Orc:3    | Noticed Maud
 10857 | Orc:3    | Killed Maud
 10857 | Orc:3    | Reached skill level 15 in Shields
 11650 | Orc:2    | Found a radiant altar of Vehumet.
 12184 | Orc:4    | Entered Level 4 of the Orcish Mines
 12255 | Orc:4    | Noticed Azrael
 12300 | Orc:4    | Noticed an orc warlord
 12334 | Orc:4    | HP: 3/107 [Azrael/fireball (4)]
 12336 | Orc:4    | Killed from afar by Azrael

Vault maps used:
D:1:      ncdulo_lavacross
D:2:      grunt_temple_overflow_open, first_bread
D:3:      grunt_qazlal_clouds
D:4:      st_stairs_3, minmay_mini_ossuary
D:5:      hangedman_decor_growths
D:6:      overflow_temple_1_default, minmay_temple_entry_grid,
          portal_sewer_entry_b, cheibrodos_ashenzari_chains, uniq_blork_the_orc
D:7:      nicolae_overflow_crystal_walls
D:8:      fedhas_altar_1
D:9:      serial_shops, shop, uniq_joseph
D:10:     lair_0_dummy, uniq_josephine, uniq_sonja
D:11:     the_bakery, minivault_16, uniq_nergalle
D:12:     orc_0_dummy, hangedman_parallel_progression, uniq_harold
Orc:1:    library_closet, mines4_lemuel
Orc:2:    enter_bailey_2, basic_altar
Orc:3:    nicolae_orc_pool_cavern, uniq_maud
Orc:4:    st_orc_congregation, minmay_orc_barracks, uniq_nessos, uniq_azrael
Sewer:    sewer_frog_island_01

Action                   |  1- 3 |  4- 6 |  7- 9 | 10-12 || total
-------------------------+-------+-------+-------+-------++-------
Melee: Flail             |   100 |   131 |   450 |   205 ||   886
       Mace              |       |       |       |   473 ||   473
Evoke: Wand              |       |       |       |     8 ||     8
  Use: Scroll            |       |       |    24 |    11 ||    35
       Potion            |       |       |     1 |     9 ||    10
  Eat: Chunk             |     1 |     3 |    22 |    16 ||    42
       Bread ration      |       |     1 |       |       ||     1
       Fruit             |       |       |       |     3 ||     3
